 Dungeon Sprint DCSS version 0.26-a0-969-g2c58977ddd (webtiles) character file.

Game seed: 458796546771344957

4419 Conn the Arsonist (level 10, -8/66 HPs)
             Began as an Octopode Fire Elementalist on Dec 4, 2020.
             Was an Elder of Sif Muna.
             Mangled by a centaur warrior (10 damage)
             ... in the Dungeon (Sprint II: "The Violet Keep of Menkaure").
             The game lasted 00:34:46 (1864 turns).

Conn the Arsonist (Octopode Fire Elementalist)      Turns: 1864, Time: 00:34:47

Health: -8/66      AC:  5    Str:  8    XL:     10   Next: 36%
Magic:  25/25      EV: 18    Int: 19    God:    Sif Muna [****..]
Gold:   473        SH:  0    Dex: 12    Spells: 3/27 levels left

rFire    . . .     SeeInvis +   a - +4 trident "Jeol" {flame, rElec rN+ MR- SInv}
rCold    . . .     Faith    .   (no shield)
rNeg     + . .     Spirit   .   (helmet restricted)
rPois    +         Reflect  .   (no amulet)
rElec    +         Harm     .   q - ring of poison resistance
rCorr    .         Rampage  .   t - +4 ring of protection
MR       .....     NoTele   +   (no ring)
Stlth    +++++.....             (no ring)
HPRegen  0.21/turn              (no ring)
MPRegen  0.19/turn              (no ring)
                                (no ring)
                                (no ring)

@: very slightly contaminated
A: almost no armour, stealthy swim, amphibious, 8 rings, constrict 8, camouflage
1, dopey 1, high mp 1, gelatinous body 1
a: Channel Magic, Forget Spell, Divine Exegesis, Renounce Religion


You were in the Dungeon.
You worshipped Sif Muna.
Sif Muna was greatly pleased with you.
You visited 1 branch You collected 1178 gold pieces.
You spent 705 gold pieces at shops.

Inventory:

Hand Weapons
 a - the +4 trident "Jeol" (weapon) {flame, rElec rN+ MR- SInv}
   (You bought it in a shop in the Dungeon)

   It has been specially enchanted to burn those struck by it, causing extra
   injury to most foes and up to half again as much damage against particularly
   susceptible opponents.
   It insulates you from electricity.
   It protects you from negative energy.
   It affects your resistance to hostile enchantments.
   It lets you see invisible.
Jewellery
 q - a ring of poison resistance (left tentacle)
 t - a +4 ring of protection (right tentacle)
Wands
 d - a wand of paralysis (5)
Scrolls
 h - 2 scrolls of identify
 m - a scroll of enchant weapon
 p - 2 scrolls of remove curse
 u - a scroll of enchant armour
 w - a scroll of amnesia
Potions
 b - 3 potions of curing
 j - a potion of magic
 k - 3 potions of resistance
 l - 3 potions of flight
 r - a potion of brilliance
 v - a potion of mutation


   Skills:
 + Level 5.2 Fighting
 + Level 2.0 Polearms
 * Level 10.1 Dodging
 - Level 7.8 Stealth
 - Level 4.5 Unarmed Combat
 + Level 9.3 Spellcasting
 * Level 10.7 Conjurations
 - Level 4.4 Translocations
 + Level 11.7 Fire Magic
 + Level 2.6 Air Magic
 + Level 3.6 Poison Magic
 - Level 5.0 Invocations
 + Level 1.4 Evocations


You had 3 spell levels left.
You knew the following spells:

 Your Spells              Type           Power        Failure   Level
a - Foxfire               Conj/Fire      ####         1%          1
b - Conjure Flame         Conj/Fire      ######..     1%          3
c - Inner Flame           Hex/Fire       ####....     2%          3
d - Sticky Flame          Conj/Fire      ######..     1%          4
e - Fireball              Conj/Fire      ######....   2%          5
f - Mephitic Cloud        Conj/Pois/Air  ####....     2%          3
g - Blink                 Tloc           N/A          1%          2
h - Stone Arrow           Conj/Erth      ####..       2%          3

Your spell library contained the following spells:

 Spells                   Type           Power        Failure   Level
 Magic Dart               Conj           ####         1%          1
 Call Imp                 Summ           #.......     12%         2
 Slow                     Hex            #.......     12%         2
 Hailstorm                Conj/Ice       ####....     9%          4
 Borgnjor's Vile Clutch   Necr/Erth      #.........   92%         5
 Spellforged Servitor     Conj/Summ      ####......   100%        7


Dungeon Overview and Level Annotations

Branches:
Dungeon (1/1)

Altars:
Cheibriados
Dithmenos
Elyvilon
Fedhas
Gozag
Hepliaklqana
Kikubaaqudgha
Makhleb
Nemelex Xobeh
Okawaru
Qazlal
Ru
Sif Muna
Trog
Uskayaw
Vehumet
Wu Jian
Xom
Yredelemnul
Zin
The Shining One
Beogh
Jiyva
Lugonu

Shops:
D ?!::!([=[}=:=![

Annotations:
D exclusion: oklob plant


Innate Abilities, Weirdness & Mutations

You cannot wear most types of armour.
You are very stealthy in the water. (Stealth+)
You are amphibious.
You can wear up to eight rings at the same time.
You can use your tentacles to constrict eight enemies at once.
Your skin changes colour to match your surroundings (Stealth+).
Your rubbery body absorbs attacks. (AC +1, EV +1)
You are dopey. (Int -2)
You have an increased reservoir of magic. (+10% MP)


Message History

The centaur warrior shoots an arrow.
The arrow hits you!
* * * LOW HITPOINT WARNING * * *
There is an open door here.
You see here an arrow.
Evoke which item? (* to show all) (? for menu, Esc to quit)
Aiming: Paralyse
Press: ? - help, Shift-Dir - straight line, f - centaur warrior
Aim: a centaur warrior, wielding a +0 shortbow and quivering 14 arrows (heavily wounded, chance to defeat MR: 32%)
Okay, then.
Unknown command.
Evoke which item? (* to show all) (? for menu, Esc to quit)
Okay, then.
Okay, then.
Magic courses through your body.
As you read the scroll of fear, it crumbles to dust.
You assume a fearsome visage.
The centaur warrior resists with some effort.
The centaur warrior unwields a +0 shortbow.
The centaur warrior hits you!
You die...

*∩∩∩∩∩∩*,,+,##○..°...##⌠,,,,*+***
*∩∩∩∩∩∩*,,###..°°○....##,,,,*,,*▓
*******#*,,'○°○.°8○°○..#*++**,,,+
*,,,**,..####..○.○○...#*≈^,,***,#
*,,,,*,,...≈##○.°○○..#*,≈,,,,,**#
###########≈≈#+++#+++##***,,^,*,*
##########≈≈≈Yc.).....#,,+,,^,*,,
#.......∩#≈≈≈§§##c##..#,,****,*,,
#∩.....∩.#≈≈§≈##@#.##.####,,+.##k
#.∩...∩.∩#≈≈§≈#..#..#....#,,*...#
#∩.∩.∩.∩.#≈B####...####..##**#..#
#.∩...∩..#c##.###'###.##§§#,,+..#
#..∩.∩...#≈#.#.##.##...#§§#,,#..#
#...⌠....K≈'###'.<.'.##§§§####..#
#........#≈#.#.##.####.#§§§.###c.
▓▓▓▓▓▓▓###≈##.###'###.##§§§...≈≈≈
#$H$######≈≈######.####§§§§..§§#'


You could see an ice statue and a centaur warrior.

Vanquished Creatures
  A skeletal warrior (D)
  A death drake (D)
  2 polar bears (D)
  A hornet (D)
  2 wyverns (D)
  4 neqoxecs (D)
  Menkaure (D)
  A soldier ant (D)
  2 water moccasins (D)
  A swamp drake (D)
  4 necrophages (D)
  A scorpion (D)
  9 electric eels (D)
  3 worms (D)
33 creatures vanquished.

Vanquished Creatures (collateral kills)
  A yaktaur (D)
1 creature vanquished.

Vanquished Creatures (others)
  Kirke (D)
  A polar bear (D)
  63 foxfires (D)
  4 tentacles (D)
69 creatures vanquished.

Grand Total: 103 creatures vanquished

Notes
Turn   | Place    | Note
-------+----------+-------------------------------------------
     0 | D        | Conn the Octopode Fire Elementalist began the quest for the
                  | Orb.
     0 | D        | Reached XP level 1. HP: 11/11 MP: 3/3
     1 | D        | Noticed a wyvern
     1 | D        | Noticed a wyvern
     4 | D        | Noticed a neqoxec
     4 | D        | Noticed a neqoxec
    14 | D        | Killed a neqoxec
    15 | D        | Reached skill level 6 in Fire Magic
    15 | D        | Reached XP level 2. HP: 21/21 MP: 3/6
    15 | D        | Reached XP level 3. HP: 26/26 MP: 4/8
    15 | D        | Reached XP level 4. HP: 31/31 MP: 4/9
    15 | D        | Reached XP level 5. HP: 36/36 MP: 4/10
    20 | D        | Killed a neqoxec
    21 | D        | Reached skill level 5 in Dodging
    21 | D        | Reached skill level 7 in Fire Magic
    21 | D        | Reached XP level 6. HP: 44/44 MP: 4/12
    27 | D        | Learned a level 3 spell: Conjure Flame
    31 | D        | Learned a level 3 spell: Inner Flame
    36 | D        | Learned a level 4 spell: Sticky Flame
    58 | D        | Noticed Menkaure
    66 | D        | Killed Menkaure
    67 | D        | Reached skill level 8 in Fire Magic
    78 | D        | Noticed a neqoxec
    80 | D        | Gained mutation: You are dopey. (Int -2) [a neqoxec]
   100 | D        | Killed a neqoxec
   101 | D        | Reached skill level 5 in Stealth
   101 | D        | Reached skill level 5 in Spellcasting
   104 | D        | Reached skill level 9 in Fire Magic
   118 | D        | Found a glowing silver altar of Zin.
   119 | D        | Found a glowing golden altar of the Shining One.
   119 | D        | Found a basalt altar of Yredelemnul.
   119 | D        | Found a hide-covered altar of Uskayaw.
   120 | D        | Found a shimmering altar of Xom.
   120 | D        | Found a bloodstained altar of Trog.
   121 | D        | Found a radiant altar of Vehumet.
   121 | D        | Found a burning altar of Makhleb.
   122 | D        | Found an ornate altar of the Wu Jian Council.
   122 | D        | Found a shimmering blue altar of Sif Muna.
   122 | D        | Found a corrupted altar of Lugonu.
   122 | D        | Found a sparkling altar of Nemelex Xobeh.
   122 | D        | Found a blossoming altar of Fedhas.
   123 | D        | Found a sacrificial altar of Ru.
   123 | D        | Found an ancient bone altar of Kikubaaqudgha.
   123 | D        | Found a white marble altar of Elyvilon.
   124 | D        | Found a stormy altar of Qazlal.
   124 | D        | Found a viscous altar of Jiyva.
   124 | D        | Found a shadowy altar of Dithmenos.
   125 | D        | Found a hazy altar of Hepliaklqana.
   125 | D        | Found a snail-covered altar of Cheibriados.
   127 | D        | Found a roughly hewn altar of Beogh.
   128 | D        | Found an opulent altar of Gozag.
   128 | D        | Found an iron altar of Okawaru.
   130 | D        | Noticed a water moccasin
   131 | D        | Became a worshipper of Sif Muna the Loreminder
   131 | D        | Noticed a water moccasin
   150 | D        | Noticed a neqoxec
   158 | D        | Gained mutation: You have an increased reservoir of magic.
                  | (+10% MP) [a neqoxec]
   172 | D        | Killed a neqoxec
   173 | D        | Reached XP level 7. HP: 31/49 MP: 5/17
   458 | D        | Reached * piety under Sif Muna
   464 | D        | Reached skill level 10 in Fire Magic
   481 | D        | Reached skill level 5 in Conjurations
   513 | D        | Reached ** piety under Sif Muna
   514 | D        | Reached XP level 8. HP: 48/54 MP: 1/19
   519 | D        | Noticed an ice statue
   817 | D        | Found Foist's Jewellery Emporium.
   818 | D        | Found Xeweg's Antique Armour Emporium.
   818 | D        | Found Orot's Jewellery Shoppe.
   820 | D        | Found Guubul's Antique Armour Emporium.
   820 | D        | Found Repoll's Gadget Shoppe.
   821 | D        | Found Ubecs's Antique Armour Shoppe.
   821 | D        | Found Qidieg's Jewellery Emporium.
   821 | D        | Found Hysoec's Antique Weapon Emporium.
   821 | D        | Found Tatameen's Book Shoppe.
   828 | D        | Found Iroriuck's Distillery.
   832 | D        | Noticed a manticore
   833 | D        | Found Qousodod's Distillery.
   833 | D        | Found Setef's Book Shoppe.
   833 | D        | Noticed a manticore
   833 | D        | Noticed a manticore
   833 | D        | Noticed an oklob plant
   834 | D        | Found Kyopsuce's Distillery.
   834 | D        | Found Luzaud's Book Shoppe.
   834 | D        | Found Jeimal's Magic Scroll Emporium.
   850 | D        | Bought a book of Minor Magic for 220 gold pieces
   859 | D        | Learned a level 5 spell: Fireball
   863 | D        | Learned a level 3 spell: Mephitic Cloud
   863 | D        | Noticed a fire dragon
   867 | D        | Bought a fading trident for 255 gold pieces
   867 | D        | Identified the +4 trident "Jeol" {flame, rElec rN+ MR-
                  | SInv} (You bought it in a shop in the Dungeon)
   871 | D        | Bought a wand of paralysis (7) for 90 gold pieces
   877 | D        | Noticed an unseen horror
   882 | D        | Bought a potion of heal wounds for 50 gold pieces
   882 | D        | Bought a potion of might for 40 gold pieces
   882 | D        | Bought a potion of heal wounds for 50 gold pieces
   900 | D        | Killed a wyvern
   903 | D        | Killed a wyvern
   903 | D        | Reached *** piety under Sif Muna
   928 | D        | Learned a level 2 spell: Blink
   960 | D        | Reached skill level 1 in Polearms
   961 | D        | Reached skill level 1 in Invocations
   966 | D        | Reached **** piety under Sif Muna
   967 | D        | Reached skill level 1 in Translocations
  1112 | D        | Reached skill level 1 in Poison Magic
  1112 | D        | Reached XP level 9. HP: 57/60 MP: 5/22
  1221 | D        | Noticed a hornet
  1221 | D        | Noticed a polar bear
  1222 | D        | Noticed a polar bear
  1223 | D        | Noticed a yaktaur
  1226 | D        | Killed a polar bear
  1226 | D        | Reached ***** piety under Sif Muna
  1226 | D        | Identified Sif Muna's Guide on Damaging Sinister Secrets
                  | (Sif Muna gifted it to you in the Dungeon)
  1226 | D        | Received a gift from Sif Muna
  1227 | D        | Reached skill level 11 in Fire Magic
  1227 | D        | Reached skill level 1 in Air Magic
  1228 | D        | Noticed a death drake
  1236 | D        | Killed a yaktaur
  1240 | D        | Killed a polar bear
  1244 | D        | Killed a polar bear
  1249 | D        | Killed a hornet
  1252 | D        | Killed a death drake
  1253 | D        | Reached skill level 5 in Fighting
  1259 | D        | Learned a level 3 spell: Stone Arrow
  1491 | D        | Noticed a kraken
  1662 | D        | Noticed a death drake
  1696 | D        | Noticed Kirke
  1696 | D        | Noticed a kobold demonologist
  1696 | D        | Noticed a yaktaur captain
  1697 | D        | Noticed a skeletal warrior
  1697 | D        | Noticed an elephant
  1750 | D        | Noticed a centaur warrior
  1766 | D        | Noticed a lindwurm
  1782 | D        | Noticed a sphinx
  1837 | D        | Killed Kirke
  1838 | D        | Reached skill level 10 in Conjurations
  1838 | D        | Reached skill level 5 in Invocations
  1838 | D        | Reached skill level 1 in Evocations
  1838 | D        | Reached XP level 10. HP: 51/66 MP: 23/25
  1860 | D        | Killed a skeletal warrior
  1861 | D        | Reached skill level 10 in Dodging
  1861 | D        | HP: 1/66 [centaur warrior/arrow (11)]
  1864 | D        | Mangled by a centaur warrior

Illustrated notes

Levels and vault maps discovered:
D:        the_violet_keep_of_menkaure [sprint2_stairs_cluster_1,
          sprint2_shoproom, sprint2_temple, sprint2_basic_supplies,
          sprint2_obstacle_7, sprint2_obstacle_6, sprint2_obstacle_2,
          sprint2_obstacle_4, sprint2_obstacle_3, sprint2_timed_cluster_1,
          sprint2_smallroom_cluster_1, sprint2_smallroom_final_cluster_1,
          sprint2_transparent_cluster_1, sprint2_second_timed_cluster_1,
          sprint2_sniper_area_1, sprint2_heavy_combat_area_1,
          sprint2_mutation_trap_area_1, sprint2_forest_area_1,
          sprint2_light_combat_area_1, sprint2_behind_water_1,
          sprint2_near_end_vault_1]

Skill      XL: |  1  2  3  4  5  6  7  8  9 10 |
---------------+-------------------------------+-----
Fighting       | 3 4 5 |  5.2
Dodging        | 4 5 6 7 8 9 10 | 10.1
Stealth        | 4 5 6 7 |  7.8
Unarmed Combat | 3 4 |  4.5
Spellcasting   | 3 4 5 6 7 9 |  9.3
Fire Magic     | 6 7 9 10 11 | 11.7
Conjurations   | 3 5 7 10 | 10.7
Polearms       | 1 2 |  2.0
Invocations    | 1 5 |  5.0
Translocations | 1 4 |  4.4
Poison Magic   | 1 3 |  3.6
Air Magic      | 2 |  2.6
Evocations     | 1 |  1.4

Action                   |  1- 3 |  4- 6 |  7- 9 | 10-12 || total
-------------------------+-------+-------+-------+-------++-------
Melee: Unarmed           |     7 |     8 |    18 |       ||    33
       Tentacles         |     3 |     2 |     4 |       ||     9
       Constrict         |     1 |     2 |     2 |       ||     5
       Trident           |       |       |     5 |       ||     5
 Cast: Foxfire           |       |    16 |    26 |       ||    42
       Sticky Flame      |       |     2 |    11 |     4 ||    17
       Conjure Flame     |       |     2 |     1 |     1 ||     4
       Fireball          |       |       |    14 |     4 ||    18
       Mephitic Cloud    |       |       |    12 |       ||    12
       Blink             |       |       |     1 |       ||     1
Invok: Channel Magic     |       |       |     2 |       ||     2
Evoke: Wand              |       |       |     2 |       ||     2
  Use: Potion            |     2 |     1 |    10 |     2 ||    15
       Scroll            |       |       |    12 |     2 ||    14
 Stab: Confused          |       |       |     1 |       ||     1
Armor: Skin              |       |       |       |     2 ||     2
Dodge: Dodged            |     5 |     6 |    43 |     7 ||    61

Table legend: (Time is in decaauts)
 A = Elapsed time spent in this place.
 B = Non-inter-level travel time spent in this place.
 C = Inter-level travel time spent in this place.
 D = Time resting spent in this place.
 E = Time spent auto-exploring this place.
 F = Levels seen in this place.
 G = Mean time per level.
                   A        B        C        D        E       F      G
               +--------+--------+--------+--------+--------+-----+--------+
         Total |   1848 |   1848 |      0 |    952 |      0 |   1 | 1848.0 |
       Dungeon |   1848 |   1848 |      0 |    952 |      0 |   1 | 1848.0 |
               +--------+--------+--------+--------+--------+-----+--------+

Top non-repeatable levels by time:
       D: 1848 daAuts
